ANAHEIM Ducks vs TORONTO Maple Leafs

Created - 19 mars 2024 at 10:51

Goals
1 2 3 T
ANAHEIM Ducks 2 0 1 3
TORONTO Maple Leafs 0 0 0 0
Shots
1 2 3 T
ANAHEIM Ducks 13 6 12 31
TORONTO Maple Leafs 2 9 5 16

1st period

1. ANAHEIM Ducks , David Kampf 3 (Warren Foegele 3, Brett Pesce 24) at 6:19
2. ANAHEIM Ducks , Seth Jones 11 (Nathan MacKinnon 26, Brayden Point 25) at 19:00 (PP)

Penalties :
MacKenzie Weegar (ANA) for Slashing (Minor) at 0:05, Nick Leddy (TOR) for High sticking (Minor) at 7:49, Vince Dunn (TOR) for Tripping (Minor) at 16:12, Tyler Seguin (TOR) for Tripping (Minor) at 18:36

2nd period

No Goal

Penalties :
Vince Dunn (TOR) for Tripping (Minor) at 0:30, MacKenzie Weegar (ANA) for Holding (Minor) at 9:24, Mark Giordano (ANA) for Holding (Minor) at 12:14, Nick Paul (ANA) for Hooking (Minor) at 15:00

3rd period

3. ANAHEIM Ducks , Brayden Point 21 (Nathan MacKinnon 27, Justin Holl 15) at 4:13

Penalties :
Corey Perry (TOR) for Roughing (Minor) at 0:17, Mark Giordano (ANA) for Interference (Minor) at 4:24, Nick Leddy (TOR) for Delaying the game (Minor) at 13:04

Goalie Stats

Philipp Grubauer (ANA), 16 saves from 16 shots - (1,000), W, 27-21-0, 60:00 minutes
Matt Murray (TOR), 28 saves from 31 shots - (0,903), L, 22-27-4, 60:00 minutes

Players Stats for ANAHEIM Ducks

Player Name              G  A  P  +/- PIM S  H  SB GA TA FO     MP     PP MP  PK MP  
------------------------------------------------------------------------------------
Brayden Point            1  1  2   1  0   7  1  0  0  0  1/2    18:13   5:34   0:00 
Brett Pesce              0  1  1   1  0   1  3  2  0  0  0/0    24:09   4:43   5:31 
Chandler Stephenson      0  0  0   0  0   2  0  0  0  0  1/2    24:09   4:45   6:36 
David Kampf              1  0  1   1  0   2  0  0  0  0  3/10   12:49   0:00   3:19 
Derick Brassard          0  0  0   0  0   0  0  0  0  0  1/2     4:49   0:00   0:00 
Elias Lindholm           0  0  0   0  0   3  0  0  0  0  25/41  24:09   4:45   6:36 
Jeff Carter              0  0  0   1  0   2  0  0  0  0  0/2    12:49   0:00   3:19 
Joel Farabee             0  0  0   0  0   1  4  0  0  0  0/1    17:33   4:45   0:00 
Justin Holl              0  1  1   1  0   2  0  2  0  0  0/0    16:55   0:00   5:13 
MacKenzie Weegar         0  0  0   1  4   3  5  0  0  0  0/0    21:56   5:36   2:27 
Mark Giordano            0  0  0   0  4   0  1  0  0  0  0/0    18:50   4:43   0:00 
Nathan MacKinnon         0  2  2   1  0   1  3  0  0  0  8/16   18:13   5:34   0:00 
Nic Dowd                 0  0  0   0  0   1  0  0  0  0  3/4     4:49   0:00   0:00 
Nick Paul                0  0  0   1  2   3  0  0  0  0  2/2    18:12   5:34   0:00 
Patrick Maroon           0  0  0   0  0   1  0  0  0  0  1/1     4:49   0:00   0:00 
Ryan Lindgren            0  0  0   0  0   0  4  1  0  0  0/0    19:40   0:00   4:42 
Seth Jones               1  0  1   1  0   2  1  0  0  0  0/0    18:26   5:36   1:57 
Warren Foegele           0  1  1   1  0   0  0  0  0  0  0/0     9:30   0:00   0:00 

Players Stats for TORONTO Maple Leafs

Player Name              G  A  P  +/- PIM S  H  SB GA TA FO     MP     PP MP  PK MP  
------------------------------------------------------------------------------------
Alex Goligoski           0  0  0  -1  0   0  2  2  0  0  0/0    17:09   0:36   5:24 
Alexander Holtz          0  0  0  -2  0   0  0  0  0  0  0/0     7:41   0:00   0:00 
Artem Zub                0  0  0  -1  0   1  2  0  0  0  0/0    13:19   0:36   1:34 
Colin White              0  0  0   0  0   1  2  0  0  0  4/4    13:11   4:10   0:20 
Corey Perry              0  0  0   0  2   1  5  0  0  0  0/0    23:54   5:45   4:54 
Janne Kuokkanen          0  0  0  -2  0   0  0  0  0  0  0/0     7:41   0:00   0:00 
John Marino              0  0  0   0  0   2  1  1  0  0  0/0    21:45   4:59   4:31 
Jonah Gadjovich          0  0  0   0  0   0  1  0  0  0  1/3    12:44   0:00   2:36 
Josh Bailey              0  0  0   0  0   1  0  0  0  0  2/6    21:54   5:45   2:53 
Kevin Stenlund           0  0  0  -2  0   0  1  0  0  0  0/4     7:41   0:00   0:00 
Mark Jankowski           0  0  0   0  0   1  0  0  0  0  0/1    13:11   4:10   0:20 
Nick Leddy               0  0  0   0  4   1  1  1  0  0  0/0    20:18   4:59   3:06 
Ryan Carpenter           0  0  0   0  0   0  0  0  0  0  5/9    10:08   0:00   0:00 
Sam Lafferty             0  0  0   0  0   0  1  0  0  0  6/17   15:44   4:10   2:53 
Shayne Gostisbehere      0  0  0  -1  0   2  3  0  0  0  0/0    26:30   4:20   5:48 
Simon Holmstrom          0  0  0   0  0   2  0  0  0  0  0/0    10:08   0:00   0:00 
Tyler Seguin             0  0  0   0  2   1  1  1  0  0  20/39  25:42   5:45   6:42 
Vince Dunn               0  0  0  -1  4   3  5  0  0  0  0/0    20:55   4:20   0:15 

3 Stars

1 - Brayden Point (ANA)
2 - Philipp Grubauer (ANA)
3 - Nathan MacKinnon (ANA)

Power Play

ANAHEIM Ducks - 1 on 6 Attempt(s) - 16,67%
TORONTO Maple Leafs - 0 on 5 Attempt(s) - 0,00%

Penalty Kill

ANAHEIM Ducks - 5 on 5 Attempt(s) - 100,00% - Score 0 goal in Penalty Kill
TORONTO Maple Leafs - 5 on 6 Attempt(s) - 83,33% - Score 0 goal in Penalty Kill

Team Stat

ANAHEIM Ducks - Hits : 22 - Faceoff Wins : 45 - Blocked Shots : 5 - Penalty Minutes : 10
TORONTO Maple Leafs - Hits : 25 - Faceoff Wins : 38 - Blocked Shots : 5 - Penalty Minutes : 12

Official

Referees : Jon McIsaac and Amanda Tasson
Linesman : Kendall Hanley and Jean-Luc Grand-Pierre

Game Notes

No Game Note

Finance

Level 1 -- Attendance: 6050 (86,43%) -- Ticket Income $574,750
Level 2 -- Attendance: 4461 (74,35%) -- Ticket Income $267,660
Level 3 -- Attendance: 1895 (63,17%) -- Ticket Income $75,800
Level 4 -- Attendance: 4465 (74,42%) -- Ticket Income $89,300
Luxury Box -- Attendance: 752 (75,20%) -- Ticket Income $169,200
Game was played at the Air Canada Centre.
Total Attendance: 17623 (76,62%)
Total Ticket Income: $1,176,710
Other Income: $294,178
Total Income: $1,470,888

ANAHEIM Ducks

5 vs 5 Forward 
   Center                   Left Wing                Right Wing               Time % Phy DF OF 
 1 Nathan MacKinnon         Nick Paul                Brayden Point            35     0   2  3  
 2 Elias Lindholm           Chandler Stephenson      Joel Farabee             35     0   2  3  
 3 David Kampf              Warren Foegele           Jeff Carter              20     1   2  2  
 4 Nic Dowd                 Derick Brassard          Patrick Maroon           10     1   3  1  

5 vs 5 Defense 
   Defense                  Defense                                           Time % Phy DF OF 
 1 Brett Pesce              MacKenzie Weegar                                  40     1   2  2  
 2 Mark Giordano            Ryan Lindgren                                     35     1   2  2  
 3 Justin Holl              Seth Jones                                        20     2   2  1  
 4 Brett Pesce              MacKenzie Weegar                                  5      2   2  1  

PowerPlay Forward 
   Center                   Left Wing                Right Wing               Time % Phy DF OF 
 1 Nathan MacKinnon         Nick Paul                Brayden Point            60     0   1  4  
 2 Elias Lindholm           Chandler Stephenson      Joel Farabee             40     0   1  4  

PowerPlay Defense
   Defense                  Defense                                           Time % Phy DF OF 
 1 Seth Jones               MacKenzie Weegar                                  60     0   1  4  
 2 Mark Giordano            Brett Pesce                                       40     0   1  4  

Penalty Kill 4 Players Forward 
   Center                   Wing                     Time % Phy DF OF 
 1 Elias Lindholm           Chandler Stephenson      60     1   3  1  
 2 Jeff Carter              David Kampf              40     1   3  1  

Penalty Kill 4 Players Defense
   Defense                  Defense                  Time % Phy DF OF 
 1 Brett Pesce              Ryan Lindgren            60     1   3  1  
 2 MacKenzie Weegar         Justin Holl              40     1   3  1  

Penalty Kill - 3 Players Forward 
   Forward                                           Time % Phy DF OF 
 1 Elias Lindholm                                    60     1   4  0  
 2 Chandler Stephenson                               40     1   4  0  

Penalty Kill - 3 Players Defense
   Defense                  Defense                  Time % Phy DF OF 
 1 Brett Pesce              Ryan Lindgren            60     1   4  0  
 2 MacKenzie Weegar         Justin Holl              40     1   4  0  

4 vs 4 Forward 
   Center                   Wing                     Time % Phy DF OF 
 1 Elias Lindholm           Nathan MacKinnon         60     1   2  2  
 2 Chandler Stephenson      Brayden Point            40     1   2  2  

4 vs 4 Defense
   Defense                  Defense                  Time % Phy DF OF 
 1 MacKenzie Weegar         Brett Pesce              60     1   2  2  
 2 Mark Giordano            Ryan Lindgren            40     1   2  2  

Last Minutes Offensive
   Center                   Left Wing                Right Wing               Defense                  Defense                  
   Elias Lindholm           Brayden Point            Nathan MacKinnon         Seth Jones               MacKenzie Weegar         

Last Minutes Defensive
   Center                   Left Wing                Right Wing               Defense                  Defense                  
   Elias Lindholm           Chandler Stephenson      David Kampf              Ryan Lindgren            Brett Pesce              

Goaltenders
Starting : Philipp Grubauer         
Backup : Brian Elliott            

Extra Forwards
Normal : Jeff Carter, Nick Paul, Joel Farabee - PP : Jeff Carter, Nick Paul - PK : Jeff Carter
Extra Defensemen
Normal : Brett Pesce, Justin Holl, Ryan Lindgren - PP : Brett Pesce - PK : Brett Pesce, Justin Holl
Penalty Shots
Nathan MacKinnon, Brayden Point, Elias Lindholm, Chandler Stephenson, Nick Paul

Scratches
None

TORONTO Maple Leafs

5 vs 5 Forward 
   Center                   Left Wing                Right Wing               Time % Phy DF OF 
 1 Tyler Seguin             Josh Bailey              Corey Perry              40     1   2  2  
 2 Sam Lafferty             Mark Jankowski           Colin White              30     1   2  2  
 3 Ryan Carpenter           Jonah Gadjovich          Simon Holmstrom          20     1   2  2  
 4 Kevin Stenlund           Janne Kuokkanen          Alexander Holtz          10     1   2  2  

5 vs 5 Defense 
   Defense                  Defense                                           Time % Phy DF OF 
 1 Vince Dunn               Shayne Gostisbehere                               40     1   2  2  
 2 Nick Leddy               John Marino                                       30     1   2  2  
 3 Alex Goligoski           Artem Zub                                         20     1   2  2  
 4 Vince Dunn               Shayne Gostisbehere                               10     1   2  2  

PowerPlay Forward 
   Center                   Left Wing                Right Wing               Time % Phy DF OF 
 1 Tyler Seguin             Josh Bailey              Corey Perry              60     1   2  2  
 2 Sam Lafferty             Mark Jankowski           Colin White              40     1   2  2  

PowerPlay Defense
   Defense                  Defense                                           Time % Phy DF OF 
 1 Vince Dunn               Shayne Gostisbehere                               60     1   2  2  
 2 Nick Leddy               John Marino                                       40     1   2  2  

Penalty Kill 4 Players Forward 
   Center                   Wing                     Time % Phy DF OF 
 1 Tyler Seguin             Corey Perry              60     1   2  2  
 2 Josh Bailey              Sam Lafferty             40     1   2  2  

Penalty Kill 4 Players Defense
   Defense                  Defense                  Time % Phy DF OF 
 1 Alex Goligoski           Shayne Gostisbehere      60     1   2  2  
 2 Nick Leddy               John Marino              40     1   2  2  

Penalty Kill - 3 Players Forward 
   Forward                                           Time % Phy DF OF 
 1 Tyler Seguin                                      60     1   2  2  
 2 Corey Perry                                       40     1   2  2  

Penalty Kill - 3 Players Defense
   Defense                  Defense                  Time % Phy DF OF 
 1 Vince Dunn               Shayne Gostisbehere      60     1   2  2  
 2 Nick Leddy               John Marino              40     1   2  2  

4 vs 4 Forward 
   Center                   Wing                     Time % Phy DF OF 
 1 Tyler Seguin             Corey Perry              60     1   2  2  
 2 Josh Bailey              Sam Lafferty             40     1   2  2  

4 vs 4 Defense
   Defense                  Defense                  Time % Phy DF OF 
 1 Artem Zub                Shayne Gostisbehere      60     1   2  2  
 2 Nick Leddy               John Marino              40     1   2  2  

Last Minutes Offensive
   Center                   Left Wing                Right Wing               Defense                  Defense                  
   Tyler Seguin             Josh Bailey              Corey Perry              Vince Dunn               Shayne Gostisbehere      

Last Minutes Defensive
   Center                   Left Wing                Right Wing               Defense                  Defense                  
   Tyler Seguin             Josh Bailey              Corey Perry              Vince Dunn               Shayne Gostisbehere      

Goaltenders
Starting : Matt Murray              
Backup : Alex Nedeljkovic         

Extra Forwards
Normal : Ryan Carpenter, Simon Holmstrom, Jonah Gadjovich - PP : Ryan Carpenter, Simon Holmstrom - PK : Jonah Gadjovich
Extra Defensemen
Normal : Alex Goligoski, Artem Zub, Vince Dunn - PP : Alex Goligoski - PK : Artem Zub, Vince Dunn
Penalty Shots
Tyler Seguin, Corey Perry, Josh Bailey, Sam Lafferty, Colin White

Scratches
Mark Friedman (Healthy), Dennis Gilbert (Healthy)

% Time on Ice - ANAHEIM Ducks

Lines # - Real PCT - Wanted PCT - Time Play
Normal Forward
1 - 32% - 35% - 12:39
2 - 32% - 35% - 12:48
3 - 24% - 20% - 9:30
4 - 12% - 10% - 4:49
Normal Defense
1 - 35% - 40% - 13:55
2 - 38% - 35% - 14:58
3 - 27% - 20% - 10:53
4 - 0% - 5% - 0:00
PP Forward
1 - 54% - 60% - 5:34
2 - 46% - 40% - 4:45
PP Defense
1 - 54% - 60% - 5:36
2 - 46% - 40% - 4:43
PK Forward
1 - 67% - 60% - 6:36
2 - 33% - 40% - 3:19
PK Defense
1 - 47% - 60% - 4:42
2 - 53% - 40% - 5:13
PK3 Forward
1 - 0% - 60%
2 - 0% - 40%
PK3 Defense
1 - 0% - 60%
2 - 0% - 40%
44 Forward
1 - 0% - 60%
2 - 0% - 40%
44 Defense
1 - 0% - 60%
2 - 0% - 40%
Last Minute Offensive  - 0:00
Last Minute Defensive  - 0:00
Total
Forward - 60:00
Defense - 60:00

% Time on Ice - TORONTO Maple Leafs

Lines # - Real PCT - Wanted PCT - Time Play
Normal Forward
1 - 33% - 40% - 13:16
2 - 22% - 30% - 8:41
3 - 25% - 20% - 10:08
4 - 19% - 10% - 7:41
Normal Defense
1 - 41% - 40% - 16:22
2 - 31% - 30% - 12:15
3 - 28% - 20% - 11:09
4 - 0% - 10% - 0:00
PP Forward
1 - 58% - 60% - 5:45
2 - 42% - 40% - 4:10
PP Defense
1 - 44% - 60% - 4:20
2 - 56% - 40% - 5:35
PK Forward
1 - 72% - 60% - 7:26
2 - 28% - 40% - 2:53
PK Defense
1 - 56% - 60% - 5:48
2 - 44% - 40% - 4:31
PK3 Forward
1 - 0% - 60%
2 - 0% - 40%
PK3 Defense
1 - 0% - 60%
2 - 0% - 40%
44 Forward
1 - 0% - 60%
2 - 0% - 40%
44 Defense
1 - 0% - 60%
2 - 0% - 40%
Last Minute Offensive  - 0:00
Last Minute Defensive  - 0:00
Total
Forward - 60:00
Defense - 60:00

Play-by-Play

1st period


0:01 of 1st period - Tyler Seguin wins face-off versus Nathan MacKinnon in neutral zone.
0:05 of 1st period - Minor Penalty to MacKenzie Weegar for Slashing.
0:06 of 1st period - Tyler Seguin wins face-off versus Elias Lindholm in ANAHEIM Ducks zone.
0:07 of 1st period - Shot by Vince Dunn.
0:07 of 1st period - Stopped by Philipp Grubauer without a rebound.
0:08 of 1st period - Colin White wins face-off versus Jeff Carter in ANAHEIM Ducks zone.
0:09 of 1st period - Shot by John Marino.
0:09 of 1st period - Stopped by Philipp Grubauer with a rebound.
0:11 of 1st period - Shot by Nick Leddy.
0:11 of 1st period - Shot Blocked by Justin Holl.
0:13 of 1st period - Shot by John Marino.
0:13 of 1st period - Shot Blocked by Brett Pesce.
0:15 of 1st period - Shot by Nick Leddy.
0:15 of 1st period - Shot Blocked by Brett Pesce.
0:29 of 1st period - Shot by Nick Leddy.
0:29 of 1st period - Shot Misses the Net.
0:31 of 1st period - Shot by John Marino.
0:31 of 1st period - Shot Misses the Net.
0:43 of 1st period - Shot by Colin White.
0:43 of 1st period - Shot Misses the Net.
1:02 of 1st period - Justin Holl is hit by Vince Dunn and loses puck.
1:14 of 1st period - Off-side.
1:15 of 1st period - Josh Bailey wins face-off versus Elias Lindholm in neutral zone.
1:23 of 1st period - Tyler Seguin is hit by Ryan Lindgren.
2:26 of 1st period - Icing by Alex Goligoski.
2:27 of 1st period - Derick Brassard wins face-off versus Jonah Gadjovich in TORONTO Maple Leafs zone.
2:30 of 1st period - Shot by Nic Dowd.
2:30 of 1st period - Shot Misses the Net.
3:28 of 1st period - Sam Lafferty is hit by Ryan Lindgren and loses puck.
3:50 of 1st period - Colin White is hit by Ryan Lindgren and loses puck.
3:58 of 1st period - Icing by Mark Giordano.
3:59 of 1st period - Nic Dowd wins face-off versus Tyler Seguin in ANAHEIM Ducks zone.
3:59 of 1st period - Nic Dowd is hit by Corey Perry.
4:19 of 1st period - Vince Dunn is hit by Brett Pesce.
4:34 of 1st period - Chandler Stephenson is hit by Shayne Gostisbehere and loses puck.
4:54 of 1st period - Brett Pesce is hit by Vince Dunn and loses puck.
5:16 of 1st period - Brayden Point is hit by Artem Zub and loses puck.
5:30 of 1st period - Brayden Point is hit by Alex Goligoski and loses puck.
5:37 of 1st period - Shot by Nick Paul.
5:37 of 1st period - Stopped by Matt Murray with a rebound.
5:59 of 1st period - Shot by Jeff Carter.
5:59 of 1st period - Stopped by Matt Murray with a rebound.
6:01 of 1st period - Shot by Warren Foegele.
6:01 of 1st period - Shot Misses the Net.
6:08 of 1st period - David Kampf is hit by Alex Goligoski and loses puck.
6:19 of 1st period - Shot by David Kampf.
6:19 of 1st period - Goal by David Kampf - ANAHEIM Ducks : 1 - TORONTO Maple Leafs : 0.
6:20 of 1st period - Elias Lindholm wins face-off versus Sam Lafferty in neutral zone.
6:20 of 1st period - Elias Lindholm is hit by Colin White.
6:28 of 1st period - Shot by Chandler Stephenson.
6:28 of 1st period - Shot Misses the Net.
6:30 of 1st period - Shot by Justin Holl.
6:30 of 1st period - Stopped by Matt Murray with a rebound.
6:32 of 1st period - Shot by Elias Lindholm.
6:32 of 1st period - Stopped by Matt Murray with a rebound.
7:03 of 1st period - Ryan Lindgren is hit by Sam Lafferty and loses puck.
7:16 of 1st period - Shot by David Kampf.
7:16 of 1st period - Shot Misses the Net.
7:49 of 1st period - Minor Penalty to Nick Leddy for High sticking.
7:50 of 1st period - Tyler Seguin wins face-off versus Brayden Point in TORONTO Maple Leafs zone.
8:26 of 1st period - Shot by MacKenzie Weegar.
8:26 of 1st period - Stopped by Matt Murray with a rebound.
8:54 of 1st period - Off-side.
8:55 of 1st period - Elias Lindholm wins face-off versus Sam Lafferty in neutral zone.
9:06 of 1st period - Shot by Elias Lindholm.
9:06 of 1st period - Stopped by Matt Murray without a rebound.
9:07 of 1st period - Elias Lindholm wins face-off versus Tyler Seguin in TORONTO Maple Leafs zone.
10:30 of 1st period - Icing by Justin Holl.
10:31 of 1st period - Ryan Carpenter wins face-off versus David Kampf in ANAHEIM Ducks zone.
10:47 of 1st period - Icing by Justin Holl.
10:48 of 1st period - Sam Lafferty wins face-off versus David Kampf in ANAHEIM Ducks zone.
11:08 of 1st period - Icing by John Marino.
11:09 of 1st period - Nick Paul wins face-off versus Mark Jankowski in TORONTO Maple Leafs zone.
11:35 of 1st period - Icing by MacKenzie Weegar.
11:36 of 1st period - Tyler Seguin wins face-off versus Nathan MacKinnon in ANAHEIM Ducks zone.
11:36 of 1st period - Vince Dunn is hit by MacKenzie Weegar and loses puck.
12:00 of 1st period - Josh Bailey is hit by MacKenzie Weegar and loses puck.
12:38 of 1st period - Shot by Elias Lindholm.
12:38 of 1st period - Shot Misses the Net.
13:35 of 1st period - Shot by David Kampf.
13:35 of 1st period - Deflect By Jeff Carter.
13:35 of 1st period - Shot Misses the Net.
13:58 of 1st period - John Marino is hit by MacKenzie Weegar and loses puck.
14:06 of 1st period - Icing by Brett Pesce.
14:07 of 1st period - Sam Lafferty wins face-off versus Derick Brassard in ANAHEIM Ducks zone.
14:09 of 1st period - Mark Jankowski is hit by MacKenzie Weegar and loses puck.
14:29 of 1st period - Artem Zub is hit by Brett Pesce and loses puck.
16:08 of 1st period - Brayden Point is hit by Shayne Gostisbehere and loses puck.
16:12 of 1st period - Minor Penalty to Vince Dunn for Tripping.
16:13 of 1st period - Nathan MacKinnon wins face-off versus Tyler Seguin in TORONTO Maple Leafs zone.
16:18 of 1st period - Shot by Nathan MacKinnon.
16:18 of 1st period - Shot Misses the Net.
16:20 of 1st period - Shot by MacKenzie Weegar.
16:20 of 1st period - Shot Blocked by Alex Goligoski.
16:22 of 1st period - Shot by Seth Jones.
16:22 of 1st period - Shot Misses the Net.
16:24 of 1st period - Shot by MacKenzie Weegar.
16:24 of 1st period - Deflect By Brayden Point.
16:24 of 1st period - Stopped by Matt Murray without a rebound.
16:25 of 1st period - Tyler Seguin wins face-off versus Nathan MacKinnon in TORONTO Maple Leafs zone.
16:36 of 1st period - Shot by Seth Jones.
16:36 of 1st period - Stopped by Matt Murray without a rebound.
16:37 of 1st period - Tyler Seguin wins face-off versus Elias Lindholm in TORONTO Maple Leafs zone.
16:43 of 1st period - Icing by Chandler Stephenson.
16:44 of 1st period - Tyler Seguin wins face-off versus Elias Lindholm in ANAHEIM Ducks zone.
17:03 of 1st period - Shot by Brett Pesce.
17:03 of 1st period - Shot Misses the Net.
17:05 of 1st period - Shot by Chandler Stephenson.
17:05 of 1st period - Stopped by Matt Murray without a rebound.
17:06 of 1st period - Tyler Seguin wins face-off versus Nathan MacKinnon in TORONTO Maple Leafs zone.
17:49 of 1st period - Shot by Brayden Point.
17:49 of 1st period - Shot Misses the Net.
17:51 of 1st period - Shot by Seth Jones.
17:51 of 1st period - Deflect By Brayden Point.
17:51 of 1st period - Stopped by Matt Murray without a rebound.
17:52 of 1st period - Elias Lindholm wins face-off versus Sam Lafferty in TORONTO Maple Leafs zone.
17:52 of 1st period - Mark Giordano is hit by Shayne Gostisbehere and loses puck.
18:28 of 1st period - Shot by Jeff Carter.
18:28 of 1st period - Stopped by Matt Murray without a rebound.
18:29 of 1st period - Tyler Seguin wins face-off versus Chandler Stephenson in TORONTO Maple Leafs zone.
18:29 of 1st period - Tyler Seguin is hit by Joel Farabee.
18:36 of 1st period - Minor Penalty to Tyler Seguin for Tripping.
18:37 of 1st period - Jonah Gadjovich wins face-off versus Nathan MacKinnon in TORONTO Maple Leafs zone.
18:37 of 1st period - Jonah Gadjovich is hit by Nathan MacKinnon.
18:58 of 1st period - Shot by Nathan MacKinnon.
18:58 of 1st period - Shot Misses the Net.
19:00 of 1st period - Shot by Seth Jones.
19:00 of 1st period - Goal by Seth Jones - ANAHEIM Ducks : 2 - TORONTO Maple Leafs : 0.
19:01 of 1st period - Chandler Stephenson wins face-off versus Sam Lafferty in neutral zone.
19:21 of 1st period - Off-side.
19:22 of 1st period - Nathan MacKinnon wins face-off versus Josh Bailey in neutral zone.
19:51 of 1st period - MacKenzie Weegar is hit by Corey Perry.
19:58 of 1st period - Icing by Brett Pesce.
19:59 of 1st period - Nathan MacKinnon wins face-off versus Sam Lafferty in ANAHEIM Ducks zone.
Goals for this period are 2 for ANAHEIM Ducks vs 0 for TORONTO Maple Leafs.
Shots for this period are 13 for ANAHEIM Ducks vs 2 for TORONTO Maple Leafs.

2nd period


0:01 of 2nd period - Nathan MacKinnon wins face-off versus Tyler Seguin in neutral zone.
0:03 of 2nd period - MacKenzie Weegar is hit by Vince Dunn.
0:06 of 2nd period - Brayden Point is hit by Vince Dunn and loses puck.
0:30 of 2nd period - Minor Penalty to Vince Dunn for Tripping.
0:31 of 2nd period - Tyler Seguin wins face-off versus Elias Lindholm in TORONTO Maple Leafs zone.
0:31 of 2nd period - Tyler Seguin is hit by Joel Farabee.
1:56 of 2nd period - Shot by Brett Pesce.
1:56 of 2nd period - Shot Misses the Net.
2:02 of 2nd period - Shot by Brayden Point.
2:02 of 2nd period - Stopped by Matt Murray without a rebound.
2:03 of 2nd period - Elias Lindholm wins face-off versus Josh Bailey in TORONTO Maple Leafs zone.
2:04 of 2nd period - Shot by MacKenzie Weegar.
2:04 of 2nd period - Stopped by Matt Murray without a rebound.
2:05 of 2nd period - Josh Bailey wins face-off versus Nathan MacKinnon in TORONTO Maple Leafs zone.
2:35 of 2nd period - Jeff Carter is hit by Vince Dunn and loses puck.
2:42 of 2nd period - Shot by Jeff Carter.
2:42 of 2nd period - Shot Misses the Net.
2:47 of 2nd period - Off-side.
2:48 of 2nd period - Elias Lindholm wins face-off versus Kevin Stenlund in neutral zone.
4:56 of 2nd period - Shot by Brayden Point.
4:56 of 2nd period - Deflect By Nathan MacKinnon.
4:56 of 2nd period - Stopped by Matt Murray with a rebound.
4:58 of 2nd period - Shot by Brayden Point.
4:58 of 2nd period - Shot Blocked by Tyler Seguin.
5:50 of 2nd period - Shot by Mark Jankowski.
5:50 of 2nd period - Stopped by Philipp Grubauer without a rebound.
5:51 of 2nd period - Ryan Carpenter wins face-off versus Nic Dowd in ANAHEIM Ducks zone.
5:57 of 2nd period - Off-side.
5:58 of 2nd period - Elias Lindholm wins face-off versus Ryan Carpenter in neutral zone.
6:14 of 2nd period - Shot by Simon Holmstrom.
6:14 of 2nd period - Stopped by Philipp Grubauer without a rebound.
6:15 of 2nd period - Sam Lafferty wins face-off versus David Kampf in ANAHEIM Ducks zone.
6:15 of 2nd period - Shayne Gostisbehere is hit by Seth Jones and loses puck.
6:19 of 2nd period - Icing by Justin Holl.
6:20 of 2nd period - Sam Lafferty wins face-off versus David Kampf in ANAHEIM Ducks zone.
6:47 of 2nd period - Off-side.
6:48 of 2nd period - Ryan Carpenter wins face-off versus Nathan MacKinnon in neutral zone.
7:12 of 2nd period - Off-side.
7:13 of 2nd period - Elias Lindholm wins face-off versus Tyler Seguin in neutral zone.
7:30 of 2nd period - Tyler Seguin is hit by Ryan Lindgren and loses puck.
7:56 of 2nd period - Tyler Seguin is hit by Mark Giordano and loses puck.
8:28 of 2nd period - Off-side.
8:29 of 2nd period - David Kampf wins face-off versus Ryan Carpenter in neutral zone.
8:50 of 2nd period - Shot by Simon Holmstrom.
8:50 of 2nd period - Shot Misses the Net.
9:10 of 2nd period - Shot by Simon Holmstrom.
9:10 of 2nd period - Stopped by Philipp Grubauer without a rebound.
9:11 of 2nd period - Nathan MacKinnon wins face-off versus Josh Bailey in ANAHEIM Ducks zone.
9:24 of 2nd period - Minor Penalty to MacKenzie Weegar for Holding.
9:25 of 2nd period - Colin White wins face-off versus Elias Lindholm in ANAHEIM Ducks zone.
9:36 of 2nd period - Shot by Vince Dunn.
9:36 of 2nd period - Stopped by Philipp Grubauer with a rebound.
9:38 of 2nd period - Shot by Vince Dunn.
9:38 of 2nd period - Stopped by Philipp Grubauer without a rebound.
9:39 of 2nd period - Tyler Seguin wins face-off versus Elias Lindholm in ANAHEIM Ducks zone.
10:42 of 2nd period - Off-side.
10:43 of 2nd period - Colin White wins face-off versus Jeff Carter in neutral zone.
10:56 of 2nd period - Shot by Mark Jankowski.
10:56 of 2nd period - Shot Misses the Net.
10:58 of 2nd period - Shot by Shayne Gostisbehere.
10:58 of 2nd period - Shot Misses the Net.
11:00 of 2nd period - Shot by Shayne Gostisbehere.
11:00 of 2nd period - Deflect By Colin White.
11:00 of 2nd period - Stopped by Philipp Grubauer without a rebound.
11:01 of 2nd period - Elias Lindholm wins face-off versus Tyler Seguin in ANAHEIM Ducks zone.
11:01 of 2nd period - Elias Lindholm is hit by Corey Perry.
11:15 of 2nd period - Shot by Shayne Gostisbehere.
11:15 of 2nd period - Stopped by Philipp Grubauer without a rebound.
11:16 of 2nd period - Elias Lindholm wins face-off versus Sam Lafferty in ANAHEIM Ducks zone.
11:16 of 2nd period - Elias Lindholm is hit by Colin White.
11:40 of 2nd period - Shot by Artem Zub.
11:40 of 2nd period - Shot Misses the Net.
11:47 of 2nd period - Icing by Mark Giordano.
11:48 of 2nd period - Nick Paul wins face-off versus Tyler Seguin in ANAHEIM Ducks zone.
11:48 of 2nd period - Nick Paul is hit by Corey Perry.
12:14 of 2nd period - Minor Penalty to Mark Giordano for Holding.
12:15 of 2nd period - Elias Lindholm wins face-off versus Sam Lafferty in ANAHEIM Ducks zone.
12:43 of 2nd period - Shot by Nick Leddy.
12:43 of 2nd period - Stopped by Philipp Grubauer without a rebound.
12:44 of 2nd period - Elias Lindholm wins face-off versus Tyler Seguin in ANAHEIM Ducks zone.
13:15 of 2nd period - Shot by Shayne Gostisbehere.
13:15 of 2nd period - Stopped by Philipp Grubauer with a rebound.
13:36 of 2nd period - Icing by Shayne Gostisbehere.
13:37 of 2nd period - Elias Lindholm wins face-off versus Josh Bailey in TORONTO Maple Leafs zone.
13:57 of 2nd period - Icing by John Marino.
13:58 of 2nd period - Elias Lindholm wins face-off versus Sam Lafferty in TORONTO Maple Leafs zone.
14:03 of 2nd period - Shot by Chandler Stephenson.
14:03 of 2nd period - Stopped by Matt Murray without a rebound.
14:04 of 2nd period - Elias Lindholm wins face-off versus Sam Lafferty in TORONTO Maple Leafs zone.
14:56 of 2nd period - Brayden Point is hit by Artem Zub and loses puck.
15:00 of 2nd period - Minor Penalty to Nick Paul for Hooking.
15:01 of 2nd period - Tyler Seguin wins face-off versus Elias Lindholm in ANAHEIM Ducks zone.
15:28 of 2nd period - Shot by Tyler Seguin.
15:28 of 2nd period - Shot Blocked by Justin Holl.
16:02 of 2nd period - Shot by John Marino.
16:02 of 2nd period - Shot Misses the Net.
16:04 of 2nd period - Shot by Mark Jankowski.
16:04 of 2nd period - Shot Misses the Net.
16:22 of 2nd period - Shot by Nick Leddy.
16:22 of 2nd period - Shot Misses the Net.
17:10 of 2nd period - Shot by Nathan MacKinnon.
17:10 of 2nd period - Deflect By Nick Paul.
17:10 of 2nd period - Stopped by Matt Murray without a rebound.
17:11 of 2nd period - Nic Dowd wins face-off versus Kevin Stenlund in TORONTO Maple Leafs zone.
17:18 of 2nd period - Shot by Nic Dowd.
17:18 of 2nd period - Shot Misses the Net.
17:20 of 2nd period - Shot by Mark Giordano.
17:20 of 2nd period - Shot Blocked by Alex Goligoski.
18:02 of 2nd period - Shot by Nick Paul.
18:02 of 2nd period - Deflect By Brayden Point.
18:02 of 2nd period - Stopped by Matt Murray with a rebound.
18:43 of 2nd period - Icing by Shayne Gostisbehere.
18:44 of 2nd period - Tyler Seguin wins face-off versus Elias Lindholm in TORONTO Maple Leafs zone.
18:50 of 2nd period - Icing by Josh Bailey.
18:51 of 2nd period - Tyler Seguin wins face-off versus Elias Lindholm in TORONTO Maple Leafs zone.
19:24 of 2nd period - Shot by Chandler Stephenson.
19:24 of 2nd period - Shot Misses the Net.
Goals for this period are 0 for ANAHEIM Ducks vs 0 for TORONTO Maple Leafs.
Shots for this period are 6 for ANAHEIM Ducks vs 9 for TORONTO Maple Leafs.

3rd period


0:01 of 3rd period - Elias Lindholm wins face-off versus Tyler Seguin in neutral zone.
0:03 of 3rd period - Off-side.
0:04 of 3rd period - Tyler Seguin wins face-off versus Elias Lindholm in neutral zone.
0:17 of 3rd period - Minor Penalty to Corey Perry for Roughing.
0:18 of 3rd period - Nathan MacKinnon wins face-off versus Tyler Seguin in TORONTO Maple Leafs zone.
0:19 of 3rd period - Shot by MacKenzie Weegar.
0:19 of 3rd period - Shot Misses the Net.
0:21 of 3rd period - Shot by Brayden Point.
0:21 of 3rd period - Stopped by Matt Murray without a rebound.
0:22 of 3rd period - Nathan MacKinnon wins face-off versus Tyler Seguin in TORONTO Maple Leafs zone.
0:23 of 3rd period - Shot by MacKenzie Weegar.
0:23 of 3rd period - Stopped by Matt Murray with a rebound.
0:33 of 3rd period - Shot by Brayden Point.
0:33 of 3rd period - Stopped by Matt Murray with a rebound.
0:35 of 3rd period - Shot by MacKenzie Weegar.
0:35 of 3rd period - Shot Misses the Net.
0:37 of 3rd period - Shot by Nick Paul.
0:37 of 3rd period - Stopped by Matt Murray without a rebound.
0:38 of 3rd period - Elias Lindholm wins face-off versus Jonah Gadjovich in TORONTO Maple Leafs zone.
1:14 of 3rd period - Shot by Mark Giordano.
1:14 of 3rd period - Shot Blocked by John Marino.
1:19 of 3rd period - Elias Lindholm is hit by John Marino and loses puck.
2:08 of 3rd period - Shayne Gostisbehere is hit by Brayden Point and loses puck.
2:18 of 3rd period - Icing by Alex Goligoski.
2:19 of 3rd period - David Kampf wins face-off versus Kevin Stenlund in TORONTO Maple Leafs zone.
2:46 of 3rd period - Shot by Jeff Carter.
2:46 of 3rd period - Deflect By David Kampf.
2:46 of 3rd period - Stopped by Matt Murray with a rebound.
3:08 of 3rd period - Brett Pesce is hit by Kevin Stenlund and loses puck.
4:13 of 3rd period - Shot by Brayden Point.
4:13 of 3rd period - Goal by Brayden Point - ANAHEIM Ducks : 3 - TORONTO Maple Leafs : 0.
4:14 of 3rd period - Nic Dowd wins face-off versus Tyler Seguin in neutral zone.
4:24 of 3rd period - Minor Penalty to Mark Giordano for Interference.
4:25 of 3rd period - Tyler Seguin wins face-off versus Elias Lindholm in ANAHEIM Ducks zone.
4:30 of 3rd period - Shot by John Marino.
4:30 of 3rd period - Stopped by Philipp Grubauer without a rebound.
4:31 of 3rd period - Elias Lindholm wins face-off versus Tyler Seguin in ANAHEIM Ducks zone.
5:54 of 3rd period - Shot by Artem Zub.
5:54 of 3rd period - Stopped by Philipp Grubauer without a rebound.
5:55 of 3rd period - Tyler Seguin wins face-off versus Elias Lindholm in ANAHEIM Ducks zone.
6:02 of 3rd period - Shot by John Marino.
6:02 of 3rd period - Shot Blocked by Ryan Lindgren.
6:14 of 3rd period - MacKenzie Weegar is hit by Tyler Seguin and loses puck.
7:19 of 3rd period - Brett Pesce is hit by Jonah Gadjovich and loses puck.
7:37 of 3rd period - Shot by Nic Dowd.
7:37 of 3rd period - Shot Misses the Net.
7:51 of 3rd period - Shot by Derick Brassard.
7:51 of 3rd period - Deflect By Patrick Maroon.
7:51 of 3rd period - Stopped by Matt Murray without a rebound.
7:52 of 3rd period - Elias Lindholm wins face-off versus Sam Lafferty in TORONTO Maple Leafs zone.
7:57 of 3rd period - Shot by Seth Jones.
7:57 of 3rd period - Deflect By Elias Lindholm.
7:57 of 3rd period - Stopped by Matt Murray without a rebound.
7:58 of 3rd period - Elias Lindholm wins face-off versus Tyler Seguin in TORONTO Maple Leafs zone.
8:03 of 3rd period - Shot by Joel Farabee.
8:03 of 3rd period - Stopped by Matt Murray without a rebound.
8:04 of 3rd period - Tyler Seguin wins face-off versus Elias Lindholm in TORONTO Maple Leafs zone.
8:29 of 3rd period - Shot by Justin Holl.
8:29 of 3rd period - Stopped by Matt Murray without a rebound.
8:30 of 3rd period - Nathan MacKinnon wins face-off versus Sam Lafferty in TORONTO Maple Leafs zone.
9:08 of 3rd period - Nick Leddy is hit by Nathan MacKinnon and loses puck.
9:12 of 3rd period - Icing by Nick Leddy.
9:13 of 3rd period - Colin White wins face-off versus Elias Lindholm in TORONTO Maple Leafs zone.
9:57 of 3rd period - Icing by Chandler Stephenson.
9:58 of 3rd period - Elias Lindholm wins face-off versus Tyler Seguin in ANAHEIM Ducks zone.
11:09 of 3rd period - Shot by Brett Pesce.
11:09 of 3rd period - Shot Misses the Net.
11:11 of 3rd period - Shot by Brett Pesce.
11:11 of 3rd period - Stopped by Matt Murray without a rebound.
11:12 of 3rd period - David Kampf wins face-off versus Kevin Stenlund in TORONTO Maple Leafs zone.
11:56 of 3rd period - Icing by Justin Holl.
11:57 of 3rd period - Tyler Seguin wins face-off versus David Kampf in ANAHEIM Ducks zone.
12:01 of 3rd period - Icing by Justin Holl.
12:02 of 3rd period - Tyler Seguin wins face-off versus David Kampf in ANAHEIM Ducks zone.
12:03 of 3rd period - Shot by Corey Perry.
12:03 of 3rd period - Shot Misses the Net.
12:43 of 3rd period - Shot by Tyler Seguin.
12:43 of 3rd period - Stopped by Philipp Grubauer without a rebound.
12:44 of 3rd period - Sam Lafferty wins face-off versus Nathan MacKinnon in ANAHEIM Ducks zone.
13:04 of 3rd period - Minor Penalty to Nick Leddy for Delaying the game.
13:05 of 3rd period - Elias Lindholm wins face-off versus Tyler Seguin in TORONTO Maple Leafs zone.
13:58 of 3rd period - Shot by Nathan MacKinnon.
13:58 of 3rd period - Shot Misses the Net.
15:34 of 3rd period - Shot by David Kampf.
15:34 of 3rd period - Shot Blocked by Nick Leddy.
15:42 of 3rd period - Shot by Warren Foegele.
15:42 of 3rd period - Shot Misses the Net.
15:59 of 3rd period - Icing by Nick Leddy.
16:00 of 3rd period - Patrick Maroon wins face-off versus Ryan Carpenter in TORONTO Maple Leafs zone.
16:03 of 3rd period - Shot by Nic Dowd.
16:03 of 3rd period - Stopped by Matt Murray with a rebound.
16:06 of 3rd period - Icing by Nick Leddy.
16:07 of 3rd period - Elias Lindholm wins face-off versus Ryan Carpenter in TORONTO Maple Leafs zone.
16:11 of 3rd period - Icing by Jonah Gadjovich.
16:12 of 3rd period - Ryan Carpenter wins face-off versus Elias Lindholm in TORONTO Maple Leafs zone.
16:12 of 3rd period - Ryan Carpenter is hit by Joel Farabee.
16:29 of 3rd period - Off-side.
16:30 of 3rd period - Brayden Point wins face-off versus Tyler Seguin in neutral zone.
16:32 of 3rd period - Off-side.
16:33 of 3rd period - Elias Lindholm wins face-off versus Tyler Seguin in neutral zone.
16:48 of 3rd period - Icing by Mark Giordano.
16:49 of 3rd period - Sam Lafferty wins face-off versus Joel Farabee in ANAHEIM Ducks zone.
16:56 of 3rd period - Mark Jankowski is hit by Joel Farabee.
17:47 of 3rd period - Josh Bailey is hit by Nathan MacKinnon and loses puck.
17:53 of 3rd period - Tyler Seguin is hit by MacKenzie Weegar and loses puck.
18:02 of 3rd period - MacKenzie Weegar is hit by Corey Perry and loses puck.
18:09 of 3rd period - Shot by Corey Perry.
18:09 of 3rd period - Stopped by Philipp Grubauer with a rebound.
18:14 of 3rd period - Tyler Seguin is hit by Brett Pesce and loses puck.
18:17 of 3rd period - Shot by Josh Bailey.
18:17 of 3rd period - Stopped by Philipp Grubauer without a rebound.
18:18 of 3rd period - Ryan Carpenter wins face-off versus David Kampf in ANAHEIM Ducks zone.
18:56 of 3rd period - David Kampf is hit by Nick Leddy and loses puck.
19:02 of 3rd period - Off-side.
19:03 of 3rd period - Elias Lindholm wins face-off versus Tyler Seguin in neutral zone.
Goals for this period are 1 for ANAHEIM Ducks vs 0 for TORONTO Maple Leafs.
Shots for this period are 12 for ANAHEIM Ducks vs 5 for TORONTO Maple Leafs. Output by the SimonT Hockey Simulator (STHS) for Martin Benoit - Original Page W3C HTML5 Valid
Hockey Simulator - Hockey Simulation - Hockey Manager